 Dungeon Crawl Stone Soup version 0.30-a0-335-ge5acde7520 (webtiles) character file.

Game seed: 16552703710044849993

308 Muataran the Chopper (level 6, -10/55 HPs)
             Began as a Minotaur Fighter on Oct 30, 2022.
             Mangled by a hornet (12 damage)
             ... on level 4 of the Dungeon.
             The game lasted 00:06:39 (3492 turns).

Muataran the Chopper (Minotaur Fighter)             Turns: 3492, Time: 00:06:41

Health: -10/55     AC:  7    Str: 22    XL:     6   Next: 17%
Magic:  5/5        EV:  9    Int:  5    God:
Gold:   260        SH:  7    Dex: 10    Spells: 5/5 levels left

rFire   . . .      SeeInvis .    a - +0 war axe
rCold   . . .      Faith    .    h - +2 buckler
rNeg    + . .      Spirit   .    b - +0 scale mail
rPois   .          Reflect  .    (helmet restricted)
rElec   .          Harm     .    (no cloak)
rCorr   .          Rampage  .    (no gloves)
Will    .....                    (no boots)
Stlth   ..........               i - amulet of regeneration
HPRegen 1.09/turn                p - ring of positive energy
MPRegen 0.09/turn                (no ring)

@: lethally poisoned (-10 -> -11), slowed, very slow
A: horns 2, retaliatory headbutt
a: no special abilities


You were on level 4 of the Dungeon.
You visited 1 branch of the dungeon, and saw 4 of its levels.

You collected 260 gold pieces.

Inventory:

Hand Weapons
 a - a +0 war axe (weapon)
Missiles
 c - 5 javelins
 r - 6 datura-tipped darts (quivered)
 s - 3 silver boomerangs
Armour
 b - a +0 scale mail (worn)
 h - a +2 buckler (worn)
Jewellery
 i - an amulet of regeneration (around neck)
 p - a ring of positive energy (left hand)
 w - a ring of flight
Scrolls
 e - 5 scrolls of identify {unknown}
 f - 2 scrolls of noise {unknown}
 j - a scroll of fear {unknown}
 l - a scroll of acquirement {unknown}
 m - a scroll of vulnerability {unknown}
 t - 2 scrolls of teleportation {unknown}
 u - a scroll of summoning {unknown}
 x - a scroll of butterflies {unknown}
 y - a scroll of torment {unknown}
Potions
 d - 2 potions of might
 g - 2 potions of brilliance {unknown}
 k - a potion of degeneration {unknown}
 n - 2 potions of mutation {unknown}
 o - a potion of cancellation {unknown}
 q - a potion of heal wounds {unknown}
 v - a potion of curing {unknown}
 z - a potion of resistance {unknown}
 A - 2 potions of flight {unknown}
 B - a potion of attraction {unknown}


   Skills:
 + Level 4.9 Fighting
 * Level 5.4 Axes
 + Level 4.9 Armour
 + Level 4.9 Shields


You had 5 spell levels left.
You didn't know any spells.
Your spell library contained the following spells:

 Spells                   Type           Power      Damage    Failure   Level
 Summon Small Mammal      Summ           0%         N/A       86%         1
 Call Canine Familiar     Summ           0%         N/A       99%         3
 Summon Guardian Golem    Hex/Summ       0%         N/A       99%         3


Dungeon Overview and Level Annotations

Branches:
Dungeon (4/15)
 Temple: D:4-7

Altars:

Annotations:
D:3 Sigmund


Innate Abilities, Weirdness & Mutations

You have a pair of horns on your head.
You reflexively headbutt those who attack you in melee.


Message History

No target in view!
You see here a +0 club.
A hornet comes into view.
You slash the hornet! Your headbutt misses the hornet.
The hornet is heavily wounded.
You block the hornet's attack. The hornet stings you!
You feel yourself slow down.
You barely miss the hornet.
The hornet is heavily wounded.
You feel yourself speed up. The hornet stings you.
You feel yourself slow down. The hornet stings you!
You suddenly lose the ability to move!
The hornet stings you but does no damage.
The hornet stings you but does no damage.
You can move again.
You closely miss the hornet. You headbutt the hornet.
The hornet is severely wounded.
The hornet stings you.
You are poisoned.
You feel as though you will be slow longer.
The hornet stings you!
You feel as though you will be slow longer.
The hornet stings you but does no damage.
Okay, then.
You closely miss the hornet.
The hornet is severely wounded.
You feel very sick. You block the hornet's attack. The hornet stings you!
* * * LOW HITPOINT WARNING * * *
You feel as though you will be slow longer.
The hornet closely misses you. You furiously retaliate!
You headbutt the hornet! You barely miss the hornet.
The hornet is almost dead.
You feel very sick. You block the hornet's attack. The hornet stings you!
* * * LOW HITPOINT WARNING * * *
You feel as though you will be slow longer.
The hornet stings you!
You die...

# ########### #. #.........##
#####.###.####.....#
..........>.......)##########
####.#.#.####.......)(.....#
#.########..#########.#
#..#.#@# #########.##.#
#.###.#y..#.......#.#.#
#..#.####.########.##.#
#.###.# # #.##.. #.)#.##
#.##.. #.#.## #.##.. #.###
#.##.. #.. #..... ...## ##.
### ############..


You could see a hornet.

Vanquished Creatures
  4 jellies (D:4)
  An orc wizard (D:3)
  3 adders
  A white imp (D:3)
  2 ufetubi
  2 worms (D:2)
  A dart slug (D:2)
  5 orcs
  13 endoplasms
  5 giant cockroaches
  9 goblins
  9 hobgoblins
  9 jackals
  14 kobolds
  4 quokkas
  3 ball pythons
  4 bats
  8 frilled lizards
  9 rats
106 creatures vanquished.

Vanquished Creatures (others)
  3 fungi (D:4)
  7 toadstools (D:4)
10 creatures vanquished.

Grand Total: 116 creatures vanquished

Notes
Turn   | Place    | Note
-------+----------+-------------------------------------------
     0 | D:1      | Muataran the Minotaur Fighter began the quest for the Orb.
     0 | D:1      | Reached XP level 1. HP: 19/19 MP: 0/0
   142 | D:1      | Reached XP level 2. HP: 27/27 MP: 1/1
   253 | D:1      | Reached skill level 3 in Axes
   424 | D:1      | Found a faded altar of an unknown god.
   720 | D:2      | Reached XP level 3. HP: 33/33 MP: 2/2
  1322 | D:2      | Reached XP level 4. HP: 40/40 MP: 3/3
  1741 | D:3      | Noticed Sigmund
  1842 | D:3      | Reached skill level 4 in Axes
  2696 | D:3      | Reached XP level 5. HP: 47/47 MP: 4/4
  3206 | D:4      | Reached skill level 5 in Axes
  3212 | D:4      | Reached XP level 6. HP: 53/55 MP: 5/5
  3486 | D:4      | Noticed a hornet
  3488 | D:4      | Paralysed by a hornet for 3 turns
  3492 | D:4      | HP: 2/55 [hornet (10)]
  3492 | D:4      | Mangled by a hornet

Illustrated notes

Levels and vault maps discovered:
D:1:      nzn_arrival_depleted_hourglass, layout_basic,
          ebering_ecumenical_altar_abandoned
D:2:      kennysheep_six_static_rooms, layout_basic
D:3:      kennysheep_the_goblin_king, layout_loops_cross, uniq_sigmund
D:4:      cheibrodos_fertilizer, layout_loops_ring, minmay_small_thing

Skill      XL: |  1  2  3  4  5 |
---------------+----------------+-----
Axes           | 3 4 5 |  5.4
Fighting       | 4 |  4.9
Armour         | 4 |  4.9
Shields        | 4 |  4.9

Action                   |  1- 3 |  4- 6 || total
-------------------------+-------+-------++-------
Melee: War axe           |    94 |   137 ||   231
       Headbutt          |    11 |    23 ||    34
Throw: Dart              |       |     2 ||     2
Armor: Scale mail        |    41 |    69 ||   110
Dodge: Dodged            |    49 |    48 ||    97
Block: Buckler           |    21 |    40 ||    61

Table legend: (Time is in decaauts)
 A = Elapsed time spent in this place.
 B = Non-inter-level travel time spent in this place.
 C = Inter-level travel time spent in this place.
 D = Time resting spent in this place.
 E = Time spent auto-exploring this place.
 F = Levels seen in this place.
 G = Mean time per level.
                   A        B        C        D        E       F      G
               +--------+--------+--------+--------+--------+-----+--------+
         Total |   3573 |   3160 |    413 |    115 |   2341 |   4 |  893.2 |
       Dungeon |   3573 |   3160 |    413 |    115 |   2341 |   4 |  893.2 |
               +--------+--------+--------+--------+--------+-----+--------+

Top non-repeatable levels by time:
     D:2: 1387 daAuts
     D:3: 819 daAuts
     D:1: 728 daAuts
     D:4: 637 daAuts
